 Dungeon Crawl Stone Soup version 0.29-a0-1047-g7c58e11 (webtiles) character file.

Game seed: 16956261952069990994

165 MrTaco21 the Cudgeller (level 5, -5/32 HPs)
             Began as a Gargoyle Fighter on Aug 16, 2022.
             Was an Initiate of Okawaru.
             Slain by Grinder (8 damage)
             ... on level 4 of the Dungeon.
             The game lasted 00:04:14 (3667 turns).

MrTaco21 the Cudgeller (Gargoyle Fighter)           Turns: 3667, Time: 00:04:15

Health: -5/32      AC: 16    Str: 22    XL:     5   Next: 46%
Magic:  5/5        EV:  7    Int:  8    God:    Okawaru [......]
Gold:   224        SH:  4    Dex:  9    Spells: 4/4 levels left

rFire   . . .      SeeInvis .   a - +0 flail
rCold   . . .      Faith    .   c - +0 buckler
rNeg    + . .      Spirit   .   s - +0 chain mail
rPois   ∞          Reflect  .   (no helmet)
rElec   +          Harm     .   x - +1 cloak {rPois}
rCorr   .          Rampage  .   (no gloves)
Will    .....                   b - +0 pair of boots
Stlth   ..........              (no amulet)
HPRegen 0.10/turn               (no ring)
MPRegen 0.09/turn               (no ring)

@: no status effects
A: sickness immunity, AC +4, negative energy resistance 1, electricity
resistance, torment resistance 1, petrification resistance
a: Renounce Religion


You were on level 4 of the Dungeon.
You worshipped Okawaru.
Okawaru was noncommittal.
You visited 2 branches of the dungeon, and saw 5 of its levels.

You collected 224 gold pieces.

Inventory:

Hand Weapons
 a - a +0 flail (weapon)
Armour
 b - a +0 pair of boots (worn)
   (You found it on level 4 of the Dungeon)
 c - a +0 buckler (worn)
 s - a +0 chain mail (worn)
   (You found it on level 3 of the Dungeon)
 x - a +1 cloak of poison resistance (worn)
   (You took it off Crazy Yiuf on level 3 of the Dungeon)
Wands
 q - a wand of quicksilver (10)
   (You found it on level 3 of the Dungeon)
 t - a wand of flame (17)
   (You found it on level 3 of the Dungeon)
Scrolls
 g - 6 scrolls of identify {unknown}
 j - a scroll of summoning {unknown}
 k - a scroll of amnesia {unknown}
 l - a scroll of poison {unknown}
 m - 2 scrolls of enchant weapon {unknown}
 v - a scroll of fear {unknown}
Potions
 d - 4 potions of might
 e - a potion of invisibility {unknown}
 f - 3 potions of degeneration {unknown}
 h - a potion of attraction {unknown}
 i - a potion of curing {unknown}
 n - a potion of ambrosia {unknown}
 o - 2 potions of brilliance {unknown}
 p - a potion of experience {unknown}


   Skills:
 - Level 3.2 Fighting
 + Level 5.5 Maces & Flails
 - Level 3.2 Armour
 - Level 3.2 Shields


You had 4 spell levels left.
You didn't know any spells.
Your spell library contained the following spells:

 Spells                   Type           Power      Damage    Failure   Level
 Necrotise                Necr           0%         1d4       99%         1
 Blink                    Tloc           0%         N/A       100%        2
 Scorch                   Fire           0%         2d5       100%        2
 Ignite Poison            Fire/Tmut/Pois 0%         N/A       100%        3
 Lesser Beckoning         Tloc           0%         N/A       100%        3
 Mephitic Cloud           Conj/Pois/Air  0%         N/A       100%        3
 Vampiric Draining        Necr           0%         2d6       100%        3
 Flame Wave               Conj/Fire      0%         2d4       100%        4
 Agony                    Necr           0%         N/A       100%        5
 Freezing Cloud           Conj/Ice/Air   0%         6-21      100%        5
 Manifold Assault         Tloc           0%         N/A       100%        5
 Eringya's Noxious Bog    Tmut/Pois      0%         N/A       100%        6
 Death's Door             Necr           0%         N/A       100%        9
 Summon Cactus Giant      Summ           Unusable   N/A       N/A         6

Dungeon Overview and Level Annotations

Branches:
Dungeon (4/15)             Temple (1/1) D:4

Altars:
Cheibriados
Elyvilon
Gozag
Hepliaklqana
Kikubaaqudgha
Okawaru
Ru
Uskayaw
Vehumet
Wu Jian
Xom
Zin

Annotations:
D:4 Grinder


Innate Abilities, Weirdness & Mutations

You are immune to sickness and miasma.
Your stone body is resilient. (AC +4)
You are immune to poison.
You resist negative energy. (rN+)
You are resistant to electric shocks. (rElec)
You are resistant to unholy torment.
You are immune to petrification.


Message History

Grinder says, "Wait up."
Grinder gestures at you.
You suddenly lose the ability to move!
Grinder hits you but does no damage. Grinder hits you.
* * * LOW HITPOINT WARNING * * *
Grinder hits you but does no damage. x2
You can move again.
You are too injured to fight recklessly!
You hit Grinder but do no damage. Grinder gestures at you.
You resist with significant effort.
Unknown command.
You barely miss Grinder. Grinder hits you!
* * * LOW HITPOINT WARNING * * *
You writhe in agony.
* * * LOW HITPOINT WARNING * * *
You barely miss Grinder. Grinder gestures at you.
You suddenly lose the ability to move!
Grinder hits you but does no damage. Grinder hits you but does no damage. x3
Grinder gestures at you.
You shrug off the repeated paralysis!
You can move again.
You barely miss Grinder.
Grinder blinks!
Unknown command.
Grinder gestures at you. You resist with significant effort. Grinder hits you.
* * * LOW HITPOINT WARNING * * *
You writhe in agony.
* * * LOW HITPOINT WARNING * * *
You hit Grinder. Grinder hits you but does no damage.
You closely miss Grinder.
Grinder says, "Tell me all your secrets, or I'll kill you."
Grinder closely misses you.
Unknown command.
You hit Grinder. Grinder gestures at you.
You suddenly lose the ability to move!
Grinder blinks!
You can move again.
Unknown command.
Unknown command.
Grinder hits you but does no damage.
You hit Grinder but do no damage.
Grinder blinks!
Unknown command.
Grinder blinks!
You barely miss Grinder. Grinder hits you!
You die...

#.#######.# #.# #.# ##'## #.#
##...## #.# #.....#####.#### #
.......##......# .##
........#.##..############...#.
........+.....#.......#........
........#.##..#.@.....#.#
.......##.##..'.5.>...'.#
#.....###.##.##.......###
##...## #.##.##.......# ##'##
#.....####'#### #.#
####.......# #.# #.#######
##.## #.# ##...#######+


You could see Grinder.

Vanquished Creatures
  A hound (D:3)
  Crazy Yiuf (D:3)
  4 adders
  2 worms (D:2)
  2 dart slugs (D:2)
  4 orcs (D:3)
  5 ball pythons
  2 endoplasms (D:3)
  4 giant cockroaches
  7 goblins
  2 hobgoblins
  A jackal (D:3)
  5 quokkas
  2 bats
  6 frilled lizards
  6 kobolds
  6 rats
60 creatures vanquished.

Notes
Turn   | Place    | Note
-------+----------+-------------------------------------------
     0 | D:1      | MrTaco21 the Gargoyle Fighter began the quest for the Orb.
     0 | D:1      | Reached XP level 1. HP: 14/14 MP: 1/1
   357 | D:1      | Reached XP level 2. HP: 18/19 MP: 2/2
   521 | D:1      | Found a faded altar of an unknown god.
  1058 | D:2      | Reached skill level 3 in Maces & Flails
  1293 | D:2      | Got the Essays on Bloody Vitiation
  1302 | D:2      | Reached XP level 3. HP: 23/23 MP: 3/3
  2033 | D:3      | Reached skill level 4 in Maces & Flails
  2143 | D:3      | Reached XP level 4. HP: 25/28 MP: 4/4
  2427 | D:3      | Found a runed translucent door.
  2428 | D:3      | Noticed Crazy Yiuf
  2886 | D:3      | Reached skill level 5 in Maces & Flails
  2921 | D:3      | Reached XP level 5. HP: 18/32 MP: 5/5
  3164 | D:3      | Killed Crazy Yiuf
  3427 | D:4      | Found a staircase to the Ecumenical Temple.
  3440 | D:4      | Noticed Grinder
  3447 | Temple   | Entered the Ecumenical Temple
  3609 | Temple   | Became a worshipper of Warmaster Okawaru
  3639 | D:4      | Paralysed by Grinder for 5 turns
  3646 | D:4      | Paralysed by Grinder for 5 turns
  3657 | D:4      | Paralysed by Grinder for 3 turns
  3667 | D:4      | Slain by Grinder

Illustrated notes

Levels and vault maps discovered:
D:1:      elethiomel_arrival_infinity_welcomes_careful_drivers, layout_basic,
          ebering_ecumenical_altar_sacrificial
D:2:      wander_river, layout_loops_ring
D:3:      minmay_thinvault, layout_rooms, minmay_misc_feat_more_columns,
          minmay_misc_feat_pillars, uniq_crazy_yiuf_cottage
D:4:      minmay_angry_zag, layout_loops_corners, temple_green, serial_shops,
          kennysheep_mini, kennysheep_small_circle, uniq_grinder
Temple:   hellmonk_temple_flake

Skill      XL: |  1  2  3  4 |
---------------+-------------+-----
Maces & Flails | 3 4 5 |  5.5
Fighting       | |  3.2
Armour         | |  3.2
Shields        | |  3.2

Action                   |  1- 3 |  4- 6 || total
-------------------------+-------+-------++-------
Melee: Flail             |   115 |   120 ||   235
Armor: Scale mail        |    78 |    31 ||   109
       Chain mail        |       |    26 ||    26
Dodge: Dodged            |    75 |    52 ||   127
Block: Buckler           |    25 |    17 ||    42

Table legend: (Time is in decaauts)
 A = Elapsed time spent in this place.
 B = Non-inter-level travel time spent in this place.
 C = Inter-level travel time spent in this place.
 D = Time resting spent in this place.
 E = Time spent auto-exploring this place.
 F = Levels seen in this place.
 G = Mean time per level.
                   A        B        C        D        E       F      G
               +--------+--------+--------+--------+--------+-----+--------+
         Total |   3730 |   3619 |    111 |    296 |   2682 |   5 |  746.0 |
       Dungeon |   3556 |   3474 |     82 |    296 |   2552 |   4 |  889.0 |
        Temple |    173 |    144 |     29 |      0 |    130 |   1 |  173.0 |
               +--------+--------+--------+--------+--------+-----+--------+

Top non-repeatable levels by time:
     D:3: 1283 daAuts
     D:2: 1150 daAuts
     D:1: 914 daAuts
     D:4: 208 daAuts
  Temple: 173 daAuts
